 Dungeon Crawl Stone Soup version 0.17.0-24-gcfadda4 (webtiles) character file.

189700 Helmschank the Black Belt (level 17, -7/133 HPs)
             Began as a Vampire Monk on Nov 15, 2015.
             Was a High Priest of Makhleb.
             Mangled by the 27-headed Lernaean hydra (11 damage)
             ... on level 4 of the Swamp.
             The game lasted 04:34:42 (61822 turns).

Helmschank the Black Belt (Vampire Monk)           Turns: 61822, Time: 04:34:42

Health: -7/133     AC:  9    Str: 13    XL:     17   Next: 95%
Magic:  0/30       EV: 29    Int: 13    God:    Makhleb [*****.]
Gold:   2337       SH:  6    Dex: 23    Spells: 6 memorised, 4 levels left

rFire  + . .     SeeInvis +       - Unarmed
rCold  + + .     Clarity  .     M - +2 robe of the Trilobite {MR+ rCorr Dex+3}
rNeg   + + +     SustAt   .     Q - +0 buckler
rPois  ∞         Gourm    .     Y - +0 Maxwell's etheric cage {RegenMP *Contam rElec MP+4}
rElec  +         Spirit   +     B - +0 cloak
rCorr  +         Warding  .     a - +0 pair of gloves
rMut   .         Stasis   .     A - +1 pair of boots
MR     ++...                    c - amulet of guardian spirit
Stlth  ++++++++..               F - ring of protection from fire
                                n - +3 ring of evasion

@: very slightly contaminated, bloodless, non-regenerating, very resistant to
hostile enchantments, extraordinarily stealthy
A: fangs 3, see invisible, unbreathing
a: Bat Form, Minor Destruction, Lesser Servant of Makhleb, Major Destruction,
Greater Servant of Makhleb, Renounce Religion


You were on level 4 of the Swamp.
You worshipped Makhleb.
Makhleb was extremely pleased with you.
You were bloodless.

You visited 6 branches of the dungeon, and saw 35 of its levels.
You also visited: Labyrinth.

You collected 4133 gold pieces.
You spent 1796 gold pieces at shops.

Inventory:

Hand Weapons
 e - a +0 blowgun
 s - the +2 scimitar "Backscratcher" {slice, rElec rN+}
   (You found it on level 2 of the Lair of Beasts)

   It inflicts extra damage upon your enemies.
   It insulates you from electricity.
   It protects you from negative energy.
Missiles
 J - 3 steel tomahawks (quivered)
 K - 20 curare-tipped needles
 S - 10 silver tomahawks
Armour
 a - a +0 pair of gloves (worn)
 A - a +1 pair of boots (worn)
 B - a +0 cloak (worn)
 L - a +2 shield
 M - the +2 robe of the Trilobite (worn) {MR+ rCorr Dex+3}
   (You found it on level 3 of the Lair of Beasts)

   It affects your dexterity (+3).
   It affects your resistance to hostile enchantments.
   It protects you from acid and corrosion.
 Q - a +0 buckler (worn)
 Y - the +0 Maxwell's etheric cage (worn) {RegenMP *Contam rElec MP+4}
   (You found it on level 3 of the Swamp)

   It insulates you from electricity.
   It affects your magic capacity (+4).
   It causes magical contamination when unequipped.
Rods
 r - a +5 rod of the swarm (9/9)
   (You found it on level 8 of the Lair of Beasts)
Jewellery
 c - an amulet of guardian spirit (around neck)
 f - an uncursed amulet of stasis
 l - an uncursed amulet of resist mutation
 n - a +3 ring of evasion (left hand)
 q - an uncursed ring of magical power
 D - an uncursed amulet of resist corrosion
 E - an uncursed ring of teleportation
 F - a ring of protection from fire (right hand)
 U - an uncursed ring of protection from magic
Wands
 i - a wand of fire (4)
 w - a wand of hasting (3)
 x - a wand of digging (7)
 H - a wand of heal wounds (0)
 X - a wand of frost (30)
Scrolls
 d - 4 scrolls of recharging
 h - 8 scrolls of magic mapping
 p - 4 scrolls of teleportation
 y - 4 scrolls of fog
 z - a scroll of enchant weapon
 G - 7 scrolls of remove curse
 N - a scroll of fear
 R - 3 scrolls of identify
Potions
 b - 38 potions of blood
 g - 2 potions of ambrosia
 j - 2 potions of heal wounds
 k - 2 potions of resistance
 m - 2 potions of flight
 o - 3 potions of might
 t - 6 potions of invisibility
 u - 8 potions of curing
 v - 2 potions of agility
 C - a potion of brilliance
 O - 2 potions of cancellation
 Z - 2 potions of haste


   Skills:
 + Level 12.0 Fighting
 + Level 13.6 Dodging
 + Level 14.9 Stealth
 + Level 5.6 Shields
 - Level 20.1 Unarmed Combat
 - Level 4.8 Spellcasting
 - Level 4.0 Hexes
 - Level 6.1 Charms
 - Level 4.3 Translocations
 - Level 5.0 Air Magic
 - Level 12.1 Invocations


You had 4 spell levels left.
You knew the following spells:

 Your Spells              Type           Power        Failure   Level  Hunger
a - Cause Fear            Hex            ##........   38%         4    ####...
b - Blink                 Tloc           N/A          6%          2    ##.....
c - Haste                 Chrm           ###.....     100%        6    #######
d - Silence               Hex/Air        ##........   85%         5    ######.
Q - Repel Missiles        Chrm/Air       ###...       3%          2    ##.....
R - Swiftness             Chrm/Air       ###.....     3%          2    ##.....


Dungeon Overview and Level Annotations

Branches:
Dungeon (15/15)            Temple (1/1) D:7            Lair (8/8) D:9
  Swamp (4/4) Lair:5        Snake (3/4) Lair:5        Slime (0/6) Lair:7
    Orc (4/4) D:12            Elf (0/3) Orc:4        Vaults (0/5) D:13
 Depths (0/5) D:15

Altars:
Ashenzari
Cheibriados
Dithmenos
Elyvilon
Fedhas
Gozag
Kikubaaqudgha
Makhleb
Nemelex Xobeh
Okawaru
Qazlal
Ru
Sif Muna
Trog
Vehumet
Xom
Yredelemnul
Zin
The Shining One
Beogh

Shops:
D:6 *   D:8 :   Orc:3 !   Orc:4 }=[=   Snake:3 ?

Portals:
Hell: Lair:8

Annotations:
D:4 exclusion: statue
Swamp:4 Lernaean hydra
Snake:3 Aizul


Innate Abilities, Weirdness & Mutations

You do not heal naturally.
You are immune to poison.
You have razor-sharp teeth.
You have supernaturally acute eyesight.
You can survive without breathing.


Message History

* * * LOW MAGIC WARNING * * *;
* * * LOW HITPOINT WARNING * * *
The 27-headed Lernaean hydra bites you.
* * * LOW HITPOINT WARNING * * *
The 27-headed Lernaean hydra closely misses you.
The 27-headed Lernaean hydra completely misses you.
The 27-headed Lernaean hydra barely misses you.
The 27-headed Lernaean hydra completely misses you.
The 27-headed Lernaean hydra bites you!
* * * LOW MAGIC WARNING * * *;
* * * LOW HITPOINT WARNING * * *
The 27-headed Lernaean hydra completely misses you.
You block the 27-headed Lernaean hydra's attack. x2
The 27-headed Lernaean hydra completely misses you.
The 27-headed Lernaean hydra barely misses you.
The 27-headed Lernaean hydra bites you but does no damage.
The 27-headed Lernaean hydra completely misses you.
The 27-headed Lernaean hydra bites you but does no damage.
The 27-headed Lernaean hydra closely misses you.
The 27-headed Lernaean hydra bites you!
* * * LOW MAGIC WARNING * * *
You die...

≈≈,,,≈≈,,,*,≈,,≈≈♣♣*.##****≈*,≈,≈
≈,,≈≈≈,,,≈≈,,**...♣♣...**,≈≈≈≈,,≈
≈≈≈,≈≈,≈≈≈≈,≈≈*♣≈≈.≈≈≈.,,≈,,,,≈,,
≈≈≈≈**,≈≈≈.♣♣≈,♣.....,,,*≈≈,≈≈≈**
≈≈≈**,≈≈≈..≈..,♣.≈.♣♣,****≈≈≈≈≈≈,
≈*****,≈..D.≈.♣♣...≈♣*,≈*****≈≈**
,* **≈≈≈≈≈≈.≈♣<.≈.♣♣***,≈* ****
,* *≈≈≈≈≈≈≈♣♣≈≈D...♣ ****
,****,≈≈≈≈≈.≈♣≈v@#k≈♣♣*♣♣ ***♣
,≈**≈≈**..≈.♣....yy§v♣♣≈♣♣ *≈≈♣
≈≈,,≈**,≈≈≈.≈≈.≈.§vD#..♣≈♣ *♣≈♣
≈≈,***,≈≈≈≈..≈5≈.§§§≈§.≈♣♣♣♣..♣
≈,,***,≈≈≈≈≈.≈≈≈≈.≈≈v§k.♣♣≈...♣
,,,,,,≈≈..≈.♣♣≈≈≈≈≈≈1≈D≈.♣≈≈..♣♣♣
≈,≈≈,,,,♣♣♣♣*♣≈≈≈.≈≈≈.≈≈≈.≈≈≈....
,≈≈≈,**** **♣..♣......vv†≈§....≈≈
,≈≈≈**** ♣≈....≈...)...♣.≈≈≈≈≈≈≈


You could see the 27-headed Lernaean hydra, a five-headed hydra, 2 swamp
dragons, an Executioner, a swamp drake, 2 vampire mosquitoes, 6 insubstantial
wisps and a white imp.

Vanquished Creatures
  Rupert (Lair:3)
  3 thorn hunters
  A greater naga (Snake:2)
  Snorg (Lair:4)
  A yaktaur captain (D:15)
  A minotaur (Lab)
  A fire dragon (Lair:8)
  Josephine (D:11)
  3 vault guards (D:13)
  Erolcha (D:11)
  8 naga warriors
  Fannar (D:11)
  Harold (Lair:3)
  The ghost of Xandrah the Demonic Cataclysm, a journeyman DsMo of Qazlal (Lair:1)
  2 catoblepae
  6 centaur warriors
  2 ghost crabs (Swamp:3)
  19 hydras
  5 anacondas
  2 tengu warriors
  4 alligators
  4 orc high priests (Orc:4)
  6 death yaks
  Urug (D:13)
  2 naga sharpshooters (Snake:2)
  4 shock serpents
  A sun demon (Lair:8)
  Sonja (Lair:1)
  4 unseen horrors
  2 shambling mangroves
  3 swamp dragons
  2 necromancers
  2 naga ritualists
  Pikel (D:7)
  5 hill giants
  An oklob plant (Lair:5)
  A harpy (Lair:8)
  4 orc sorcerers
  6 mana vipers
  4 cyclopes
  6 hornets
  7 ugly things
  6 orc knights
  A manticore (shapeshifter) (D:15)
  A manticore (Lair:8)
  8 salamanders
  12 elephants
  4 griffons
  6 wizards
  The ghost of gw the Chopper, a novice DDAK of Lugonu (D:4)
  A smoke demon (Lair:8)
  33 black mambas
  3 centaur zombies
  Psyche (D:8)
  5 naga magi
  A guardian serpent (Snake:1)
  17 spiny frogs
  A gargoyle (Lab)
  3 orange demons (Lair:8)
  2 torpor snails
  A yaktaur (D:15)
  3 kobold demonologists
  6 komodo dragons
  10 trolls
  A red devil (Lair:8)
  2 freezing wraiths
  A redback zombie (D:15)
  A hellwing (Lair:8)
  2 tengu conjurers
  4 blue devils (Lair:8)
  5 giant leeches
  2 queen bees
  10 slime creatures
  8 blink frogs
  13 fire drakes
  A wolf spider simulacrum (D:14)
  Prince Ribbit (D:6)
  A trapdoor spider zombie (D:8)
  A boulder beetle (Lair:7)
  A hornet zombie (D:15)
  8 bog bodies
  14 wyverns
  Sigmund (D:2)
  4 deep elf magi
  3 spriggans
  4 wraiths
  2 hogs (Swamp:1)
  65 yaks
  3 shadows
  2 steam dragons
  14 humans (D:13)
  A deep elf fighter (D:9)
  3 hungry ghosts
  10 basilisks
  25 vampire mosquitoes
  4 wargs
  The ghost of apoch the Cudgeler, an amateur OpBe of Trog (D:3)
  2 mottled dragons
  43 wolves
  26 hippogriffs
  13 insubstantial wisps
  25 swamp worms
  20 nagas
  35 water moccasins
  10 hell hounds
  A slave (D:7)
  2 black bears
  8 swamp drakes
  13 porcupines
  2 phantoms
  4 ice beasts
  A hornet simulacrum (D:15)
  6 wasps
  7 sky beasts
  A necrophage (D:6)
  31 orc warriors
  3 big kobolds
  21 crocodiles
  18 ogres
  16 centaurs
  26 giant frogs
  An earth elemental (Lab)
  45 killer bees
  10 wights
  2 wyvern skeletons
  4 scorpions
  7 crimson imps
  3 vampire bats (D:4)
  An electric eel (Lair:5)
  A giant frog zombie (D:13)
  A wasp zombie (D:14)
  9 centaur skeletons
  8 hounds
  9 iguanas
  23 orc priests
  4 jellies
  3 giant frog skeletons
  23 orc wizards
  Terence (D:3)
  10 worker ants
  A hell rat (Lair:8)
  8 sheep (Lair:5)
  2 hound zombies
  2 hound skeletons
  24 adders
  85 river rats
  4 shadow imps
  2 white imps (Swamp:4)
  An ooze (D:1)
  An adder zombie (D:5)
  3 adder skeletons
  2 worms
  3 giant geckos
  154 orcs
  2 bat skeletons (D:4)
  4 bat zombies (D:4)
  12 giant cockroaches
  11 goblins
  6 hobgoblins
  5 jackals
  15 kobolds
  2 quokkas
  8 bats
  A giant gecko skeleton (D:6)
  6 giant newts
  A goblin skeleton (D:9)
  A goblin zombie (D:9)
  A hobgoblin zombie (D:9)
  3 kobold skeletons (D:9)
  A kobold zombie (D:9)
  An orc zombie (D:9)
  21 rats
  A bush (Lair:1)
  A fungus (Lair:2)
  A plant (Lair:6)
1371 creatures vanquished.

Vanquished Creatures (collateral kills)
  Maud (Orc:2)
  The ghost of TruthSerum the Grappler, a journeyman TrMo of Okawaru (Lair:1)
  An anaconda (Snake:1)
  An alligator (Swamp:2)
  A manticore (Lair:8)
  A griffon (Lair:8)
  A salamander (Snake:3)
  4 black mambas (Snake:3)
  A bog body (Swamp:2)
  A swamp worm (Swamp:2)
  A swamp drake (Swamp:2)
14 creatures vanquished.

Vanquished Creatures (others)
  Kirke (Swamp:1)
  A hydra (Swamp:3)
  The ghost of saranimal the Skirmisher, a novice OgHu (D:7)
  2 hogs (Swamp:1)
  A swamp worm (Swamp:1)
  A shadow (D:13)
  3 iguanas
  A worm (D:4)
  2 orcs
  A jackal (D:4)
  A quokka (D:4)
  5 briar patches (Swamp:2)
  50 fungi
  19 plants
  5 toadstools (Swamp:2)
94 creatures vanquished.

Grand Total: 1479 creatures vanquished

Notes
Turn   | Place    | Note
--------------------------------------------------------------
     0 | D:1      | Helmschank the Vampire Monk began the quest for the Orb.
     0 | D:1      | Reached XP level 1. HP: 17/17 MP: 1/1
   654 | D:1      | Reached XP level 2. HP: 16/23 MP: 0/2
  1163 | D:2      | Reached XP level 3. HP: 24/28 MP: 1/3
  1286 | D:2      | Reached skill level 5 in Unarmed Combat
  1375 | D:2      | Found a sparkling altar of Nemelex Xobeh.
  1640 | D:2      | Reached XP level 4. HP: 33/35 MP: 4/4
  1671 | D:2      | Noticed Sigmund
  1695 | D:2      | Killed Sigmund
  1695 | D:2      | Reached skill level 5 in Stealth
  1695 | D:2      | Reached skill level 6 in Unarmed Combat
  1695 | D:2      | Reached XP level 5. HP: 24/41 MP: 1/5
  2280 | D:2      | Reached XP level 6. HP: 43/47 MP: 6/6
  2610 | D:3      | Noticed Terence
  2651 | D:3      | Killed Terence
  2687 | D:3      | Noticed apoch's ghost (amateur OpBe)
  3004 | D:3      | Killed apoch's ghost
  3801 | D:4      | Found a sacrificial altar of Ru.
  4189 | D:4      | Noticed gw's ghost (novice DDAK)
  4209 | D:4      | Killed gw's ghost
  4209 | D:4      | Reached skill level 5 in Dodging
  4209 | D:4      | Reached skill level 7 in Unarmed Combat
  4209 | D:4      | Reached XP level 7. HP: 25/55 MP: 3/7
  4550 | D:4      | Found a shimmering altar of Xom.
  4966 | D:4      | Found a radiant altar of Vehumet.
  5085 | D:4      | Found an ancient bone altar of Kikubaaqudgha.
  5100 | D:4      | Reached XP level 8. HP: 59/61 MP: 6/8
  5702 | D:5      | Entered Level 5 of the Dungeon
  6087 | D:5      | Reached skill level 8 in Unarmed Combat
  6611 | D:5      | Reached skill level 5 in Fighting
  7468 | D:5      | Found a shadowy altar of Dithmenos.
  7626 | D:6      | Reached skill level 9 in Unarmed Combat
  7778 | D:6      | Found Hefih's Assorted Antiques.
  8390 | D:5      | Reached XP level 9. HP: 47/68 MP: 6/9
  9218 | D:6      | Bought a scroll labeled GEYTOCH AFEW for 25 gold pieces
  9218 | D:6      | Bought a scroll of identify for 50 gold pieces
  9218 | D:6      | Bought a glowing jade amulet for 125 gold pieces
  9218 | D:6      | Bought a fizzy orange potion for 22 gold pieces
  9565 | D:6      | Reached skill level 10 in Unarmed Combat
 10665 | D:7      | Killed saranimal's ghost
 10720 | D:7      | Noticed Prince Ribbit
 10733 | D:6      | Reached skill level 10 in Stealth
 10827 | D:6      | Killed Prince Ribbit
 11093 | D:7      | Found a staircase to the Ecumenical Temple.
 11121 | Temple   | Entered the Ecumenical Temple
 11133 | Temple   | Became a worshipper of Makhleb the Destroyer
 11133 | Temple   | Reached * piety under Makhleb
 11133 | Temple   | Reached ** piety under Makhleb
 11534 | D:7      | Reached XP level 10. HP: 52/77 MP: 10/10
 11923 | D:7      | Noticed Pikel
 11957 | D:7      | Killed Pikel
 11957 | D:7      | Reached skill level 11 in Unarmed Combat
 12943 | D:8      | Found a blossoming altar of Fedhas.
 12945 | D:8      | Found a stormy altar of Qazlal.
 12971 | D:8      | Found Cahuir's Book Shoppe.
 13349 | D:8      | Reached *** piety under Makhleb
 13350 | D:8      | Noticed Psyche
 13375 | D:8      | Killed Psyche
 13375 | D:8      | Reached skill level 1 in Invocations
 13524 | D:8      | Got a sapphire-encrusted leather armour
 13535 | D:8      | Identified the +1 leather armour of the Pleiades {rPois} (You took it off a wight on level 8 of the Dungeon)
 13621 | D:8      | Reached skill level 12 in Unarmed Combat
 13731 | D:8      | Found a shattered altar of Ashenzari.
 14022 | D:8      | Found a bloodstained altar of Trog.
 14023 | D:8      | Found an iron altar of Okawaru.
 14112 | D:8      | Found an opulent altar of Gozag.
 14352 | D:9      | Reached **** piety under Makhleb
 14468 | D:9      | Found a glowing golden altar of the Shining One.
 14726 | D:9      | Found a staircase to the Lair.
 15467 | D:9      | Reached XP level 11. HP: 83/83 MP: 13/13
 15541 | D:9      | Reached skill level 13 in Unarmed Combat
 15907 | Lair:1   | Entered Level 1 of the Lair of Beasts
 15978 | Lair:1   | Noticed Sonja
 15992 | Lair:1   | Reached ***** piety under Makhleb
 16265 | Lair:1   | Noticed Xandrah's ghost (journeyman DsMo)
 16292 | Lair:1   | HP: 4/83 [Xandrah's ghost (21)]
 16299 | Lair:1   | Killed Xandrah's ghost
 17574 | Lair:1   | Noticed TruthSerum's ghost (journeyman TrMo)
 18142 | Lair:1   | Killed Sonja
 18142 | Lair:1   | Reached skill level 14 in Unarmed Combat
 18142 | Lair:1   | Reached skill level 5 in Invocations
 20141 | Lair:2   | Got a crude scimitar
 20148 | Lair:2   | Identified the +2 scimitar "Backscratcher" {slice, rElec rN+} (You found it on level 2 of the Lair of Beasts)
 20829 | Lair:2   | Reached skill level 15 in Unarmed Combat
 21578 | Lair:3   | Reached XP level 12. HP: 73/89 MP: 16/16
 21737 | Lair:3   | Got a shimmering robe
 21767 | Lair:3   | Identified the +2 robe of the Trilobite {MR+ rCorr Dex+3} (You found it on level 3 of the Lair of Beasts)
 21994 | Lair:3   | Noticed Rupert
 22011 | Lair:3   | Killed Rupert
 22251 | Lair:3   | Reached skill level 16 in Unarmed Combat
 22256 | Lair:3   | Noticed Harold
 22262 | Lair:3   | Killed Harold
 22727 | Lair:4   | Reached ****** piety under Makhleb
 22728 | Lair:4   | Found a labyrinth entrance.
 22826 | Lab      | Entered a labyrinth
 22853 | Lab      | Reached skill level 1 in Shields
 23230 | Lab      | Noticed a minotaur
 23241 | Lab      | Killed a minotaur
 24526 | Lair:3   | Noticed a seven-headed hydra
 24533 | Lair:3   | Killed a seven-headed hydra
 24966 | Lair:4   | Reached XP level 13. HP: 92/95 MP: 19/19
 26404 | Lair:4   | Noticed a five-headed hydra
 26416 | Lair:4   | Killed a five-headed hydra
 26666 | Lair:4   | Reached skill level 17 in Unarmed Combat
 26787 | Lair:4   | Reached skill level 5 in Shields
 26810 | Lair:4   | Noticed Snorg
 26820 | Lair:4   | Killed Snorg
 28007 | Lair:5   | Found a staircase to the Snake Pit.
 28133 | Lair:5   | Found a staircase to the Swamp.
 28555 | Lair:5   | Found a shimmering altar of Xom.
 28693 | Lair:5   | Got an ancient quarterstaff
 29004 | Lair:4   | Reached skill level 10 in Invocations
 31636 | Lair:5   | Reached XP level 14. HP: 103/103 MP: 21/21
 32981 | Lair:7   | Found a staircase to the Slime Pits.
 33157 | Lair:7   | Reached skill level 18 in Unarmed Combat
 34140 | Lair:1   | Killed TruthSerum's ghost
 34759 | D:10     | Entered Level 10 of the Dungeon
 36166 | D:11     | Noticed Erolcha
 36230 | D:11     | Killed Erolcha
 37112 | D:11     | Noticed Josephine
 37133 | D:11     | Killed Josephine
 37150 | D:11     | Noticed Fannar
 37192 | D:11     | Killed Fannar
 38199 | D:12     | Found a staircase to the Orcish Mines.
 38394 | D:12     | Reached skill level 10 in Dodging
 38516 | Orc:1    | Entered Level 1 of the Orcish Mines
 38647 | Orc:2    | Noticed Maud
 38709 | Orc:2    | Killed Maud
 39419 | Orc:2    | Found a roughly hewn altar of Beogh.
 39505 | Orc:2    | Found a burning altar of Makhleb.
 40596 | Orc:3    | Found Xigeori's Distillery.
 40724 | Orc:3    | Bought a potion of curing for 36 gold pieces
 40724 | Orc:3    | Bought a potion of agility for 48 gold pieces
 40724 | Orc:3    | Bought a potion of might for 48 gold pieces
 40724 | Orc:3    | Bought a potion of heal wounds for 60 gold pieces
 40724 | Orc:3    | Bought 2 potions of curing for 72 gold pieces
 40975 | Orc:3    | Reached XP level 15. HP: 112/112 MP: 24/24
 41662 | Lair:8   | Entered Level 8 of the Lair of Beasts
 44040 | Lair:8   | Found a burning altar of Makhleb.
 45120 | Lair:8   | Found a gateway to Hell.
 45181 | Lair:8   | Identified a +5 rod of the swarm (9/9) (You found it on level 8 of the Lair of Beasts)
 45462 | D:8      | Bought a book of Minor Magic for 260 gold pieces
 45462 | D:8      | Bought a book of Enchantments for 650 gold pieces
 45539 | Lair:1   | Learned a level 2 spell: Repel Missiles
 45542 | Lair:1   | Learned a level 2 spell: Swiftness
 45545 | Lair:1   | Learned a level 2 spell: Blink
 45709 | Orc:4    | Entered Level 4 of the Orcish Mines
 45817 | Orc:4    | Found a staircase to the Elven Halls.
 46123 | Orc:4    | Reached skill level 1 in Charms
 46123 | Orc:4    | Reached skill level 1 in Air Magic
 46126 | Orc:4    | Reached skill level 1 in Spellcasting
 46409 | Orc:4    | Reached skill level 1 in Translocations
 46592 | Orc:4    | Found Pisoxo's Jewellery Shop.
 46592 | Orc:4    | Found Heruroaf's Armour Emporium.
 46616 | Orc:4    | Found Luekieli's Gadget Emporium.
 46616 | Orc:4    | Found Doamet's Jewellery Shop.
 46670 | Orc:4    | Bought an uncursed ring of protection from fire for 400 gold pieces
 47210 | D:13     | Noticed Urug
 47230 | D:13     | Killed Urug
 47771 | D:13     | Reached XP level 16. HP: 122/122 MP: 25/25
 47936 | D:13     | Learned a level 2 spell: Stoneskin
 47941 | D:13     | Found a gate to the Vaults.
 48603 | D:14     | Reached skill level 5 in Charms
 48771 | D:14     | Reached skill level 5 in Air Magic
 49399 | D:15     | Entered Level 15 of the Dungeon
 49641 | D:15     | Reached skill level 10 in Fighting
 49676 | D:15     | Found a staircase to the Depths.
 50077 | D:15     | Reached skill level 19 in Unarmed Combat
 50532 | Lair:1   | Learned a level 6 spell: Haste
 50538 | Lair:1   | Learned a level 5 spell: Silence
 50550 | Lair:1   | Learned a level 4 spell: Cause Fear
 50550 | Lair:1   | Identified a scroll of acquirement
 50551 | Lair:1   | Got a brightly glowing sapphire amulet
 50553 | Lair:1   | Identified the amulet of Cowardice {Faith *Drain rN++ Int+3} (You acquired it on level 1 of the Lair of Beasts)
 50735 | Swamp:1  | Entered Level 1 of the Swamp
 50771 | Swamp:1  | Reached skill level 1 in Hexes
 51494 | Swamp:1  | Noticed Kirke
 51524 | Swamp:1  | Killed Kirke
 54474 | Swamp:2  | Reached XP level 17. HP: 97/130 MP: 26/26
 56382 | Swamp:3  | Found a basalt altar of Yredelemnul.
 57136 | Snake:1  | Entered Level 1 of the Snake Pit
 58111 | Snake:1  | Reached skill level 20 in Unarmed Combat
 59515 | Snake:2  | Found a shimmering altar of Xom.
 60616 | Snake:3  | Found Rysuirph's Magic Scroll Emporium.
 60618 | Snake:3  | Noticed Aizul
 61750 | Swamp:4  | Entered Level 4 of the Swamp
 61819 | Swamp:4  | Noticed the 27-headed Lernaean hydra
 61822 | Swamp:4  | HP: 4/133 [the 27-headed Lernaean hydra (5)]
 61822 | Swamp:4  | Mangled by the 27-headed Lernaean hydra

Action                   |  1- 3 |  4- 6 |  7- 9 | 10-12 | 13-15 | 16-18 || total
-------------------------+-------+-------+-------+-------+-------+-------++-------
Melee: Unarmed           |    95 |   168 |   429 |  1105 |  2749 |  1918 ||  6464
 Fire: Blowgun           |       |       |       |     6 |     2 |       ||     8
Throw: Stone             |    12 |     9 |     6 |       |       |       ||    27
       Tomahawk          |       |       |    11 |    55 |    56 |    34 ||   156
       Javelin           |       |       |       |       |       |    30 ||    30
 Cast: Repel Missiles    |       |       |       |       |     4 |     4 ||     8
       Blink             |       |       |       |       |       |     3 ||     3
Invok: Minor Destruction |       |       |       |    20 |    11 |       ||    31
       Major Destruction |       |       |       |     7 |     6 |       ||    13
       Greater Servant o |       |       |       |       |     3 |     6 ||     9
 Abil: End Transformatio |       |       |     3 |     7 |     6 |    10 ||    26
       Bat Form          |       |       |     3 |     7 |     6 |    10 ||    26
Evoke: Wand              |       |     1 |       |     7 |     4 |     3 ||    15
  Use: Scroll            |       |    10 |     9 |    13 |     9 |    10 ||    51
       Potion            |       |     5 |     7 |    22 |    21 |    19 ||    74
 Stab: Sleeping          |     6 |    12 |    29 |    44 |    72 |    28 ||   191
       Distracted        |       |       |     2 |     5 |     6 |     5 ||    18
       Confused          |       |       |       |       |       |     5 ||     5
